 Dungeon Crawl Stone Soup version 0.29.0-4-gdea44cf6ec (webtiles) character file.

Game seed: 16224186906709202404

187 qw the Ruffian (level 5, 0/41 HPs)
             Began as a Ghoul Fire Elementalist on Aug 29, 2022.
             Slain by a gnoll
             ... wielding a +0 spear
              (3 damage)
             ... on level 5 of the Dungeon.
             The game lasted 00:02:57 (4433 turns).

qw the Ruffian (Ghoul Fire Elementalist)            Turns: 4433, Time: 00:02:57

Health: 0/41       AC:  9    Str: 14      XL:     5   Next: 66%
Magic:  6/6        EV:  9    Int: 10      God:
Gold:   156        SH:  0    Dex:  8 (9)  Spells: 6/7 levels left

rFire   . . .      SeeInvis .     - Unarmed
rCold   + . .      Faith    .   (no shield)
rNeg    + + +      Spirit   .   h - +0 scale mail
rPois   inf        Reflect  .   (no helmet)
rElec   .          Harm     .   e - +0 cloak
rCorr   .          Rampage  .   i - +0 pair of gloves
Will    .....                   g - +0 pair of boots
Stlth   ..........              (no amulet)
HPRegen 0.00/turn               (no ring)
MPRegen 0.10/turn               (no ring)

@: inhibited regen
A: claws 1, cold resistance 1, negative energy resistance 3, inhibited
regeneration, torment resistance 2, devour on kill
a: no special abilities


You were on level 5 of the Dungeon.
You visited 1 branch of the dungeon, and saw 5 of its levels.

You collected 156 gold pieces.


Innate Abilities, Weirdness & Mutations

You are immune to poison.
You have sharp fingernails.
Your flesh is cold resistant. (rC+)
You are immune to negative energy. (rN+++)
You do not regenerate when monsters are visible.
You are immune to unholy pain and torment.
You thrive by killing the living.


   Skills:
 - Level 2.0 Fighting
 - Level 1.1 Armour
 - Level 1.7 Dodging
 - Level 2.1 Stealth
 + Level 4.9 Unarmed Combat
 - Level 1.7 Spellcasting
 - Level 0.7 Conjurations
 - Level 2.4 Fire Magic


You had 6 spell levels left.
You knew the following spells:

 Your Spells              Type           Power      Damage    Failure   Level
a - Foxfire               Conj/Fire      16%        2x1d4     58%         1

Your spell library contained the following spells:

 Spells                   Type           Power      Damage    Failure   Level
 Scorch                   Fire           10%        2d6       61%         2
 Conjure Flame            Conj/Fire      4%         6-21      91%         3
 Inner Flame              Hex/Fire       3%         N/A       95%         3
 Flame Wave               Conj/Fire      4%         2d5       100%        4

Inventory:

Armour
 e - a +0 cloak (worn)
 g - a +0 pair of boots (worn)
 h - a +0 scale mail (worn)
 i - a +0 pair of gloves (worn)
Scrolls
 m - a scroll of brand weapon
Potions
 b - 2 potions of might
 c - a potion of flight {unknown}
 d - 3 potions of curing
 f - a potion of lignification {unknown}
 k - 2 potions of cancellation

Dungeon Overview and Level Annotations

Branches:
Dungeon (5/15)
 Temple: D:4-7

Altars:
Dithmenos
Hepliaklqana
Ru
Xom


Message History

The gnoll attacks as you move away! The gnoll hits you with a +0 club.
The hound closely misses you.
You miss the hound. The hound bites you.
You closely miss the hound. Your punch misses the hound.
The hound bites you but does no damage. The gnoll barely misses you.
The hound bites you but does no damage.
You closely miss the hound.
The howler monkey hits you but does no damage.
The hound bites you. The gnoll hits you but does no damage.
The gnoll hits you from afar with a +0 spear.
You miss the hound.
The howler monkey hoots and howls with incredible vigour!
The hound bites you but does no damage. The gnoll closely misses you.
The gnoll hits you but does no damage. The howler monkey hits you.
You hear a shout!
You hear an angry hiss. x2; You hear a shout!
You barely miss the hound. The hound bites you but does no damage.
The hound completely misses you. The howler monkey hits you.
The gnoll hits you from afar with a +0 spear.
The gnoll hits you with a +0 club.
You hit the hound.
The hound is moderately wounded.
The hound bites you but does no damage.
The howler monkey hits you but does no damage.
You barely miss the hound.
The hound is lightly wounded.
The gnoll hits you but does no damage. The hound barely misses you.
The gnoll hits you from afar with a +0 spear.
The howler monkey hits you but does no damage.
You hit the hound.
The hound is heavily wounded.
The hound bites you but does no damage. The gnoll hits you with a +0 club!
The gnoll hits you from afar with a +0 spear.
The hound closely misses you. The howler monkey closely misses you.
You barely miss the hound.
The hound is moderately wounded.
The gnoll closely misses you.
The gnoll hits you from afar with a +0 spear.
You die...

#.# .. #.# .#. # #.#
.... ##. ... ###.)#
###.. #.# #<.. #.....
#.# #####.### #...##.#
#@hgg...# ###.#..#<#
#ghg....#
.........###.......#
#####...#.......##....#
#......######..##.#
#.#..#... g.g. ..
#.#...##.# .g.... ##
#.#.#.# .#........ #
#.#.# ########..


You could see a howler monkey, a hound and 4 gnolls.

Vanquished Creatures
  A scorpion (D:4)
  2 iguanas (D:4)
  An adder (D:4)
  A worm (D:3)
  3 dart slugs
  An orc (D:4)
  7 ball pythons
  3 endoplasms
  2 giant cockroaches (D:2)
  4 goblins
  3 hobgoblins
  7 jackals
  5 kobolds
  2 quokkas
  7 bats
  4 frilled lizards
  2 rats (D:1)
55 creatures vanquished.

Vanquished Creatures (others)
  7 plants (D:3)
7 creatures vanquished.

Grand Total: 62 creatures vanquished

Notes
Turn   | Place    | Note
-------+----------+-------------------------------------------
     0 | D:1      | qw the Ghoul Fire Elementalist began the quest for the Orb.
     0 | D:1      | Reached XP level 1. HP: 14/14 MP: 2/2
     0 | D:1      | 0 ||| qw: Version: 0.1-a-90-g952f4b7
     0 | D:1      | 0 ||| qw: Game counter: 3751
     0 | D:1      | 0 ||| qw: Always use a shield: true
     0 | D:1      | 0 ||| qw: God list: Okawaru
     0 | D:1      | 0 ||| qw: Allow faded altars: false
     0 | D:1      | 0 ||| qw: Do Orc after D:15 true
     0 | D:1      | 0 ||| qw: Do second Lair branch before Depths: true
     0 | D:1      | 0 ||| qw: Lair rune preference: random
     0 | D:1      | 0 ||| qw: Plans: Normal
     0 | D:1      | 0 ||| PLANNING D:1-11
   144 | D:1      | Found a faded altar of an unknown god.
   246 | D:1      | Reached skill level 1 in Unarmed Combat
   441 | D:1      | Reached skill level 1 in Fighting
   441 | D:1      | Reached XP level 2. HP: 19/23 MP: 3/3
  1178 | D:1      | Reached skill level 2 in Unarmed Combat
  1460 | D:1      | 1460 ||| UPGRADING to +0 leather armour.
  1470 | D:1      | 1470 ||| DROPPING +0 robe.
  1471 | D:1      | 1471 ||| UPGRADING to +0 pair of boots.
  1476 | D:1      | 1476 ||| UPGRADING to +0 scale mail.
  1486 | D:1      | 1486 ||| DROPPING +0 leather armour.
  1487 | D:1      | 1487 ||| DRINKING 2 amethyst potions.
  1488 | D:1      | 1488 ||| DROPPING potion of magic.
  1548 | D:2      | Identified the +3 leather armour of the Game of Life {rN+}
  1598 | D:2      | 1598 ||| FLEEEEING.
  1618 | D:2      | Reached XP level 3. HP: 18/28 MP: 4/4
  1779 | D:2      | Found a shadowy altar of Dithmenos.
  2313 | D:2      | 2313 ||| DROPPING +3 leather armour of the Game of Life
                  | {rN+}.
  2314 | D:2      | 2314 ||| READING scroll labelled VOMOOH CATISE.
  2315 | D:2      | 2315 ||| READING scroll labelled VUPROA JITTAGO.
  2318 | D:2      | 2318 ||| READING scroll labelled PYDOIW WEIQ.
  2319 | D:2      | 2319 ||| READING 2 scrolls labelled SUSUKHO YNIETEFUX.
  2320 | D:2      | 2320 ||| READING scroll labelled KOMEDI SAVEAGG.
  2321 | D:2      | 2321 ||| DRINKING 3 smoky brown potions.
  2322 | D:2      | 2322 ||| DRINKING 2 blue potions.
  2323 | D:2      | 2323 ||| DROPPING 2 potions of degeneration.
  2454 | D:3      | Reached skill level 3 in Unarmed Combat
  2454 | D:3      | Found a sacrificial altar of Ru.
  2802 | D:3      | 2802 ||| Stepping ~*~*~tactically~*~*~ (stealth).
  2943 | D:3      | 2943 ||| Stepping ~*~*~tactically~*~*~ (stealth).
  2953 | D:3      | 2953 ||| Stepping ~*~*~tactically~*~*~ (stealth).
  3043 | D:3      | Reached XP level 4. HP: 35/35 MP: 5/5
  3100 | D:3      | 3100 ||| UPGRADING to +0 cloak.
  3105 | D:3      | 3105 ||| UPGRADING to +0 pair of gloves.
  3110 | D:3      | 3110 ||| READING scroll labelled RAGIAWNIULO.
  3111 | D:3      | 3111 ||| DRINKING 3 murky pink potions.
  3177 | D:4      | Noticed a scorpion
  3178 | D:4      | 3178 ||| Stepping ~*~*~tactically~*~*~ (stealth).
  3181 | D:4      | 3181 ||| Stepping ~*~*~tactically~*~*~ (stealth).
  3182 | D:4      | 3182 ||| Stepping ~*~*~tactically~*~*~ (stealth).
  3547 | D:4      | Killed a scorpion
  3548 | D:4      | Reached skill level 4 in Unarmed Combat
  3548 | D:4      | Reached XP level 5. HP: 19/40 MP: 6/6
  3968 | D:4      | Reached skill level 1 in Armour
  4144 | D:4      | Found a shimmering altar of Xom.
  4145 | D:4      | Found a hazy altar of Hepliaklqana.
  4146 | D:4      | Noticed a spectral ugly thing
  4253 | D:4      | 4253 ||| READING scroll labelled XEJO KUFREZXAM.
  4254 | D:4      | 4254 ||| READING scroll labelled FOILEIZOIZ.
  4355 | D:4      | 4355 ||| READING scroll labelled TEN TOIN CUNK.
  4398 | D:5      | Entered Level 5 of the Dungeon
  4417 | D:5      | 4417 ||| Stepping ~*~*~tactically~*~*~ (hiding).
  4419 | D:5      | 4419 ||| Stepping ~*~*~tactically~*~*~ (outnumbered).
  4421 | D:5      | 4421 ||| Stepping ~*~*~tactically~*~*~ (outnumbered).
  4422 | D:5      | 4422 ||| Stepping ~*~*~tactically~*~*~ (outnumbered).
  4423 | D:5      | 4423 ||| Stepping ~*~*~tactically~*~*~ (outnumbered).
  4424 | D:5      | 4424 ||| Stepping ~*~*~tactically~*~*~ (outnumbered).
  4432 | D:5      | HP: 6/41 [gnoll/+0 club (7)]
  4433 | D:5      | Slain by a gnoll

Levels and vault maps discovered:
D:1:      dpeg_arrival_erosion, layout_basic, ebering_ecumenical_altar_ruins,
          serial_bayou_lagoon_b
D:2:      layout_basic, basic_altar, minmay_pentomino_p2
D:3:      layout_loops_ring, mainiacjoe_overflow_six_doors_small,
          mainiacjoe_overflow_alcove_4
D:4:      layout_loops_ring, regret_index_temple_of_mockery, kennysheep_dice
D:5:      layout_rooms, grunt_temple_overflow_forces_of_nature,
          lemuel_doored_altar

Skill      XL: |  1  2  3  4  5 |
---------------+----------------+-----
Unarmed Combat | 1 2 3 4 |  4.9
Fighting       | 1 2 |  2.0
Armour         | 1 |  1.1
Dodging        | |  1.7
Stealth        | |  2.1
Spellcasting   | |  1.7
Conjurations   | |  0.7
Fire Magic     | |  2.4

Action                   |  1- 3 |  4- 6 || total
-------------------------+-------+-------++-------
Melee: Unarmed           |   174 |    95 ||   269
       Punch             |     4 |     4 ||     8
  Use: Potion            |     3 |     1 ||     4
       Scroll            |     5 |     4 ||     9
Armor: Robe              |    12 |       ||    12
       Scale mail        |    41 |    56 ||    97
Dodge: Dodged            |   100 |    47 ||   147

Table legend:
 A = Non-vault XP
 B = Vault XP
 C = Vault XP percentage of total XP
 D = Non-vault monster count
 E = Vault monster count
 F = Vault count percentage of total count
                 A         B        C        D         E       F
            +---------+---------+-------+---------+---------+-------
      Total |     173 |      95 |  35.4 |      51 |       4 |   7.3
            +---------+---------+-------+---------+---------+-------
        D:1 |      31 |       0 |   0.0 |      19 |       0 |   0.0
        D:2 |      20 |       2 |   9.1 |      11 |       1 |   8.3
        D:3 |      29 |       0 |   0.0 |      14 |       0 |   0.0
        D:4 |      91 |      93 |  50.5 |       6 |       3 |  33.3
        D:5 |       2 |       0 |   0.0 |       1 |       0 |   0.0
            +---------+---------+-------+---------+---------+-------
